AoeStats
← SirFelatus

Golden Pit

508448460Analyzed
1v1 RM · 9d ago on Sep 22, 2026· 45m 6s· 2 players
Game mode
Random Map
Map size
Tiny (2 player)
Population
200
Speed
Normal
Resources
Standard
Victory
Conquest
Starting age
Dark Age
Ending age
Imperial Age
RankedLock teamsTeams togetherTeam positionsShared explorationLock speedFull tech treeHidden civsTurbo modeCheats
Victory
Defeat
🇵🇦 Khitans · Panama
771
+17
🇪🇸 Britons · Spain
790
-17
Elcaifascefas
3:05 Loom
11:42 Feudal Age
13:10 Double-Bit Axe
19:19 Forging
24:04 Castle Age
23:20 Scale Mail Armor
23:11 Fletching
25:19 Chain Mail Armor
25:40 Iron Casting
27:11 Scale Barding Armor
29:37 Chain Barding Armor
37:02 Imperial Age
36:35 Gold Mining
38:19 Plate Mail Armor
46:03 Plate Barding Armor
SirFelatus
0:29 Loom
10:09 Feudal Age
10:38 Town Watch
10:42 Double-Bit Axe
13:35 Horse Collar
13:58 Gold Mining
22:09 Castle Age
21:19 Fletching
21:48 Forging
21:40 Padded Archer Armor
23:42 Bow Saw
24:13 Crossbowman
25:41 Stone Mining
28:23 Wheelbarrow
33:31 Murder Holes
33:57 Ballistics
34:20 Hand Cart
35:30 Bodkin Arrow
41:45 Imperial Age
41:39 Leather Archer Armor
41:30 Husbandry
43:26 Arbalester
Connection lost

Rejoining the realm…

Still unreachable

The connection could not be restored.

Session expired

The server has moved on; the page needs a fresh start.